 Dungeon Crawl Stone Soup version 0.23.0-3-gf3c87f2 (webtiles) character file.

Game seed: 17713285304249850159

480169 WhitewaterBastard the Hoplite (level 23, -6/195 (211) HPs)
             Began as a Minotaur Fighter on Feb 21, 2019.
             Was an Initiate of Gozag.
             Mangled by a guardian mummy (7 damage)
             ... on level 2 of the Tomb of the Ancients on Feb 22, 2019.
             The game lasted 03:09:31 (53592 turns).

WhitewaterBastard the Hoplite (Minotaur Fighter)   Turns: 53592, Time: 03:09:32

HP:   -6/195 (211)  AC: 36    Str: 37    XL:     23   Next: 69%
MP:   35/37         EV:  7    Int: 21    God:    Gozag
Gold: 294           SH:  0    Dex:  9    Spells: 40/45 levels left

rFire    + . .     SeeInvis .   m - +5 eudemon blade (holy)
rCold    + . .     Gourm    .   z - +6 large shield {reflect}
rNeg     + + .     Faith    .   A - +5 crystal plate armour
rPois    .         Spirit   .   H - +2 hat {MR+}
rElec    +         Reflect  +   K - scarf {rC+ rF+}
rCorr    .         Harm     .   h - +2 pair of gloves {Str+3}
MR       ++...                  G - +0 pair of boots of Gluttony {Str+2 Int+6 Dex-4}
Stlth    ..........             p - amulet of Suh Ozudd {Reflect rElec Str+2 Int+4 SH+5 Stlth-}
HPRegen  0.00/turn              y - ring "Isiunon" {rN+ Str+3}
MPRegen  0.25/turn              c - ring "Niem" {rN+ Int+3}

@: lethally poisoned (-6 -> -100), about to teleport, gold aura, held,
non-regenerating, badly diseased, slowed, studying 2 skills, very slow
A: retaliatory headbutt, horns 2, clever 1, regeneration 1
}: 2/15 runes: decaying, silver
a: Potion Petition, Call Merchant, Bribe Branch, Renounce Religion


You were on level 2 of the Tomb of the Ancients.
You worshipped Gozag.
Gozag was aware of your devotion.
You were not hungry.

You visited 11 branches of the dungeon, and saw 45 of its levels.
You visited the Abyss 1 time.
You also visited: Bailey and Ice Cave.

You collected 25722 gold pieces.
You spent 2055 gold pieces at shops.
You paid 23373 gold pieces to Gozag.

Inventory:

Hand Weapons
 m - a +5 eudemon blade of holy wrath (weapon)
 o - a +1 demon blade of pain
 w - the +8 arc blade {discharge, rElec}
   (You acquired it on level 8 of the Dungeon)

   It insulates you from electricity.
 J - a +9 quick blade of electrocution
 T - a +9 demon trident of electrocution
 U - the +5 scythe "Finisher" {speed, eviscerate}
   (You found it on level 13 of the Dungeon)

   Attacks with this weapon are significantly faster.
Armour
 h - a +2 pair of gloves of strength (worn)
 z - a +6 large shield of reflection (worn)
 A - a +5 crystal plate armour (worn)
 G - the +0 pair of boots of Gluttony (worn) {Str+2 Int+6 Dex-4}
   (You found it on level 3 of the Crypt)

   It affects your strength (+2).
   It affects your intelligence (+6).
   It affects your dexterity (-4).
 H - a +2 hat of magic resistance (worn)
 K - a scarf of resistance (worn)
Jewellery
 c - the ring "Niem" (right hand) {rN+ Int+3}
   (You found it on level 3 of the Crypt)

   [ring of positive energy]

   It affects your intelligence (+3).
   It protects you from negative energy.
 e - the ring "Kaupav" {rF+ rN+ Stlth+}
   (You found it on level 3 of the Crypt)

   [ring of positive energy]

   It protects you from fire.
   It protects you from negative energy.
   It makes you more stealthy.
 p - the amulet of Suh Ozudd (around neck) {Reflect rElec Str+2 Int+4 SH+5 Stlth-}
   (You found it on level 5 of the Dungeon)

   [amulet of reflection]

   It shields you and reflects attacks.
   It affects your strength (+2).
   It affects your intelligence (+4).
   It insulates you from electricity.
   It affects your SH (+5).
   It makes you less stealthy.
 y - the ring "Isiunon" (left hand) {rN+ Str+3}
   (You found it on level 5 of the Vaults)

   [ring of strength]

   It affects your strength (+3).
   It protects you from negative energy.
 D - the amulet "Xeoqom" {rPois Regen+ SInv}
   (You found it on level 3 of the Crypt)

   [amulet of regeneration]

   It protects you from poison.
   It lets you see invisible.
   It increases your rate of regeneration.
 F - the ring "Vepn" {Dex+3 SInv}
   (You found it on level 2 of the Elven Halls)

   [ring of see invisible]

   It affects your dexterity (+3).
   It lets you see invisible.
 I - the ring of Qucar {MR+ Dex+4}
   (You found it on level 1 of the Depths)

   [ring of protection from magic]

   It affects your dexterity (+4).
   It affects your resistance to hostile enchantments.
Wands
 g - a wand of polymorph (19)
 n - a wand of disintegration (23)
 r - a wand of paralysis (26)
 s - a wand of iceblast (46)
 t - a wand of random effects (71)
 x - a wand of enslavement (33)
 C - a wand of flame (77)
 L - a wand of digging (6)
 Q - a wand of acid (21)
 R - a wand of scattershot (2)
 S - a wand of clouds (6)
Scrolls
 a - a scroll of holy word
 b - 2 scrolls of amnesia
 l - 15 scrolls of remove curse
 u - 7 scrolls of identify
 B - 2 scrolls of teleportation
 Z - a scroll of magic mapping
Potions
 j - 8 potions of brilliance
 O - 2 potions of cancellation
 P - 4 potions of flight
 Y - a potion of magic
Books
 i - a manual of Throwing
 W - a manual of Staves
Miscellaneous
 d - a fan of gales
 k - a lightning rod (4/4)
 v - the horn of Geryon
 E - 2 boxes of beasts
 N - a fan of gales
 V - a phial of floods
Comestibles
 f - 41 rations


   Skills:
 - Level 18.6 Fighting
 - Level 16.2 Short Blades
 - Level 10.2 Throwing
 - Level 15.3 Armour
 - Level 13.8 Dodging
 - Level 0.5 Stealth
 - Level 24.4 Shields
 * Level 11.6 Spellcasting
 * Level 10.9 Necromancy
 - Level 14.2 Evocations


You had 40 spell levels left.
You knew the following spells:

 Your Spells              Type           Power        Failure   Level  Hunger
a - Dispel Undead         Necr           ######..     19%         5    ####...

Your spell library contained the following spells:

 Spells                   Type           Power        Failure   Level  Hunger
 Animate Skeleton         Necr           N/A          1%          1    None
 Corpse Rot               Necr           N/A          1%          2    None
 Sublimation of Blood     Necr           ######....   1%          2    None
 Regeneration             Chrm/Necr      #####.....   19%         3    None
 Agony                    Necr           ######..     19%         5    ####...
 Apportation              Tloc           ##....       50%         1    None
 Beastly Appendage        Tmut           ##....       50%         1    None
 Confusing Touch          Hex            ##....       50%         1    None
 Corona                   Hex            ##.....      50%         1    None
 Infusion                 Chrm           ##..         50%         1    None
 Shock                    Conj/Air       ##..         50%         1    None
 Sting                    Conj/Pois      ##..         50%         1    None
 Summon Small Mammal      Summ           ##..         50%         1    None
 Blink                    Tloc           N/A          65%         2    None
 Call Imp                 Summ           ##......     65%         2    None
 Ensorcelled Hibernation  Hex/Ice        ##....       65%         2    None
 Poisonous Vapours        Pois/Air       ##....       65%         2    None
 Shroud of Golubria       Chrm/Tloc      ##........   65%         2    None
 Slow                     Hex            ##......     65%         2    None
 Song of Slaying          Chrm           ##......     65%         2    None
 Sticks to Snakes         Tmut           ##......     65%         2    None
 Swiftness                Chrm/Air       ##......     65%         2    None
 Call Canine Familiar     Summ           ##......     86%         3    None
 Confuse                  Hex            ##......     86%         3    None
 Conjure Flame            Conj/Fire      ##......     86%         3    None
 Dazzling Spray           Conj/Hex       ##....       86%         3    None
 Gell's Gravitas          Tloc           ##........   86%         3    None
 Ignite Poison            Fire/Tmut/Pois ##......     86%         3    None
 Inner Flame              Hex/Fire       ##......     86%         3    None
 Lesser Beckoning         Tloc           ##........   86%         3    None
 Mephitic Cloud           Conj/Pois/Air  ##......     86%         3    None
 Portal Projectile        Hex/Tloc       ##....       86%         3    None
 Spectral Weapon          Hex/Chrm       ##......     86%         3    None
 Spider Form              Tmut/Pois      ##........   86%         3    None
 Static Discharge         Conj/Air       ##......     86%         3    None
 Stone Arrow              Conj/Erth      ##....       86%         3    None
 Summon Guardian Golem    Hex/Summ       ##......     86%         3    None
 Teleport Other           Tloc           ##......     86%         3    None
 Tukima's Dance           Hex            ##......     86%         3    None
 Bolt of Draining         Conj/Necr      #####.....   86%         5    ####...
 Borgnjor's Vile Clutch   Necr/Erth      #####.....   86%         5    ####...
 Excruciating Wounds      Chrm/Necr      #####.....   86%         5    ####...
 Airstrike                Air            ##........   99%         4    #......
 Cause Fear               Hex            ##........   99%         4    #......
 Iskenderun's Mystic Bla  Conj           ##......     99%         4    #......
 Leda's Liquefaction      Hex/Erth       ##........   99%         4    #......
 Olgreb's Toxic Radiance  Pois           ##......     99%         4    #......
 Passage of Golubria      Tloc           N/A          99%         4    #......
 Petrify                  Tmut/Erth      ##......     99%         4    #......
 Summon Ice Beast         Ice/Summ       ##......     99%         4    #......
 Summon Lightning Spire   Summ/Air       ##......     99%         4    #......
 Alistair's Intoxication  Tmut/Pois      ##......     100%        5    ####...
 Blade Hands              Tmut           ##........   100%        5    ####...
 Bolt of Magma            Conj/Fire/Erth ##........   100%        5    ####...
 Irradiate                Conj/Tmut      ##........   100%        5    ####...
 Lightning Bolt           Conj/Air       ##........   100%        5    ####...
 Silence                  Hex/Air        ##........   100%        5    ####...
 Summon Forest            Summ/Tloc      ##........   100%        5    ####...
 Venom Bolt               Conj/Pois      ##........   100%        5    ####...
 Yara's Violent Unravell  Hex/Tmut       ##........   100%        5    ####...
 Conjure Ball Lightning   Conj/Air       ##........   100%        6    ######.
 Darkness                 Hex            ##........   100%        6    ######.
 Deflect Missiles         Chrm/Air       ##........   100%        6    ######.
 Hydra Form               Tmut           ##........   100%        6    ######.
 Iron Shot                Conj/Erth      ##........   100%        6    ######.
 Shadow Creatures         Summ           N/A          100%        6    ######.
 Statue Form              Tmut/Erth      ##.......    100%        6    ######.
 Dragon Form              Tmut           ##........   100%        7    #######
 Summon Hydra             Summ           ##........   100%        7    #######
 Discord                  Hex            ##........   100%        8    #######
 Shatter                  Erth           ##........   100%        9    #######
 Tornado                  Air            ##........   100%        9    #######


Dungeon Overview and Level Annotations

Branches:
Dungeon (15/15)            Temple (0/1) D:5            Lair (6/6) D:11
  Swamp (4/4) Lair:2        Snake (0/4) Lair:4        Slime (0/5) Lair:6
    Orc (2/2) D:12            Elf (3/3) Orc:2        Vaults (5/5) D:14
  Crypt (3/3) Vaults:2       Tomb (2/3) Crypt:3      Depths (2/5) D:15
   Hell (1/1)                 Dis (2/7) Hell            Tar (0/7) Hell
    Geh: Hell:1         Coc: Hell:1

Altars:
Ashenzari
Cheibriados
Elyvilon
Gozag
Hepliaklqana
Kikubaaqudgha
Nemelex Xobeh
Ru
Vehumet
Yredelemnul
Zin
The Shining One
Beogh
Lugonu

Shops:
D:5 (   D:12 ?([(*   D:13 *   Orc:2 %   Elf:3 :   Lair:3 }   Vaults:1 }
Vaults:2 [!   Vaults:3 (   Crypt:3 ?(:   Depths:1 ?

Portals:
Hell: Depths:1 Depths:2
Abyss: Depths:1
Pandemonium: Depths:1

Annotations:
D:3 2 transporters
D:10 1 runed translucent door
D:11 1 runed translucent door; 3 Artifacts
Crypt:2 3 runed translucent doors
Hell exclusion: 2 ice statues


Innate Abilities, Weirdness & Mutations

You reflexively headbutt those who attack you in melee.
You have a pair of horns on your head.
Your mind is acute. (Int +2)
Your natural rate of healing is unusually fast.


Message History

* * * LOW HITPOINT WARNING * * *
x2 You feel extremely sick.
The death scarab is no longer distracted by gold.
The death scarab bites you but does no damage. x2
The death scarab barely misses you.
You riposte.
You slash the death scarab!
The death scarab convulses!
The death scarab is almost destroyed.
The death scarab bites you but does no damage. x2
The death scarab bites you!
* * * LOW HITPOINT WARNING * * *
The death scarab drains your vigour!
You feel as though you will be slow longer.
The death scarab bites you but does no damage.
The death scarab bites you.
* * * LOW HITPOINT WARNING * * *
The death scarab drains your vigour!
You feel as though you will be slow longer.
The guardian mummy hits you!
You die...
Your body crumbles into a pile of gold.

........§
.Z###.......# .
4W.##......z##..
#M......^..§.8.. #
##..M..M.........
#.#...........§....
#...4M8M.....§....)
#...ssMz°8?........
#...$@MszL°8.......
#.....sMZ.^...§8...
#.....##M....§.##..
#...M###.M^....# .
#.... .......M.
#.... ..Z........ $
#.... [ #....


You could see 5 greater mummies, a lich, a mummy priest, 2 guardian mummies, 3
ushabtiu, an ice devil, a hungry ghost, 4 death scarabs, a red devil, 2 flying
skulls, 3 mummies, a manticore skeleton and a golden dragon skeleton.

Vanquished Creatures
  Mennas (Tomb:1)
  An ancient lich (Crypt:3)
  Mara (Tomb:1)
  3 greater mummies (Tomb:1)
  Sojobo (Crypt:2)
  Frederick (Tomb:1)
  2 golden dragons (Vaults:5)
  Geryon (Hell)
  3 bone dragons
  Rupert (Lair:5)
  5 liches
  A deep elf blademaster (Elf:3)
  2 tentacled monstrosities
  4 titans (Vaults:5)
  A quicksilver dragon (Vaults:5)
  7 sphinxes
  3 ancient champions
  3 shadow dragons
  Gastronok (Lair:2)
  2 thorn hunters
  2 Executioners
  6 tengu reavers
  4 revenants
  A storm dragon (Vaults:5)
  2 fire giants (Depths:1)
  3 frost giants
  3 deep elf sorcerers
  12 vault wardens
  Louise (Swamp:4)
  19 ghouls
  3 deep elf elementalists
  14 ironheart preservers
  9 very ugly things
  9 stone giants
  7 war gargoyles
  6 reapers
  An entropy weaver (Vaults:3)
  4 vampire knights
  2 juggernaut skeletons (Crypt:2)
  4 deep elf demonologists
  Azrael (D:12)
  A dire elephant (shapeshifter) (Vaults:4)
  A spark wasp (shapeshifter) (Vaults:2)
  4 deep elf death magi
  5 deep elf annihilators
  2 blizzard demons
  An eidolon (Vaults:2)
  5 ettins
  13 mummy priests
  A green death (Hell)
  3 crystal guardians (Crypt:3)
  2 deep elf high priests
  3 jiangshi (Crypt:2)
  3 fire dragons
  5 ice dragons
  2 ghost crabs
  27 hydras
  3 great orbs of eyes
  Harold (Lair:2)
  3 yaktaur captains
  13 vault guards
  4 rakshasas
  6 shambling mangroves
  A quicksilver dragon skeleton (Crypt:2)
  10 centaur warriors
  9 alligators
  6 tengu warriors
  5 death knights
  27 two-headed ogres
  8 death scarabs (Tomb:1)
  3 vampire magi
  14 ogre magi
  7 hell hogs (Hell)
  A deep troll shaman (D:15)
  An orc high priest (Elf:1)
  3 deep troll earth magi
  A thrashing horror (Abyss:1)
  13 deep elf knights
  A sun demon (Hell)
  2 titan zombies (Crypt:3)
  3 soul eaters
  Sonja (Lair:6)
  Urug (Lair:3)
  2 wretched stars (Abyss:1)
  2 iron golems (Hell)
  2 iron trolls (Depths:1)
  The ghost of buriedalive the Nimble, a novice DEIE of Ru (D:8)
  6 hell knights (Crypt:3)
  A sixfirhy (Abyss:1)
  25 skeletal warriors
  3 spriggan druids
  2 shadow wraiths
  A storm dragon skeleton (Crypt:3)
  2 anaconda zombies (Dis:1)
  2 flayed ghosts
  A spark wasp zombie (Crypt:2)
  2 spatial maelstroms (Abyss:1)
  2 golden dragon zombies
  5 unseen horrors
  12 deep trolls
  10 ironbrand convokers
  A glowing orange brain (Depths:1)
  6 swamp dragons (Swamp:4)
  7 wizards
  3 phantasmal warriors
  A shadow dragon zombie (Crypt:1)
  11 deep elf archers
  2 harpies (shapeshifter)
  18 orc knights
  A sphinx zombie (Crypt:1)
  9 harpies
  8 necromancers
  An iron dragon zombie (Dis:1)
  40 deep elf magi
  9 cyclopes
  An anaconda skeleton (Crypt:1)
  A wolf spider zombie (Dis:2)
  3 wolf spiders
  65 ugly things
  A manticore (D:14)
  3 stone giant zombies
  Maurice (D:8)
  A shock serpent zombie (Crypt:2)
  A moth of wrath (shapeshifter) (Vaults:4)
  6 orc sorcerers
  A frost giant skeleton (Dis:1)
  A fire giant skeleton (Depths:1)
  4 elephants
  12 rust devils
  4 vault sentinels
  A black mamba (shapeshifter) (Vaults:5)
  3 black mambas
  Psyche (D:11)
  3 ice statues (IceCv)
  3 molten gargoyles
  An orange demon (Abyss:1)
  4 smoke demons
  23 spiny frogs
  A spiny frog (shapeshifter) (Vaults:5)
  2 rime drakes
  A dire elephant skeleton (Crypt:1)
  4 centaur skeletons
  A swamp worm zombie (Crypt:2)
  2 hellions
  A yaktaur zombie (Depths:1)
  10 freezing wraiths
  2 demonic crawlers
  15 yaktaurs
  A pale draconian zombie (Crypt:1)
  2 kobold demonologists
  8 komodo dragons
  9 guardian mummies (Tomb:1)
  A golden dragon simulacrum (Hell)
  2 tormentors
  A troll (shapeshifter) (Vaults:5)
  A catoblepas skeleton (Crypt:1)
  5 ice devils
  An ancient zyme (Abyss:1)
  Grinder (D:3)
  20 hornets
  A wolf spider simulacrum (Hell)
  A harpy zombie (Crypt:3)
  10 trolls
  8 tyrant leeches
  A harpy skeleton (Tomb:1)
  16 polar bears
  17 bog bodies
  2 ettin zombies
  23 blink frogs
  3 dream sheep (shapeshifter)
  23 slime creatures
  4 raiju (Abyss:1)
  2 fire giant simulacra
  6 hippogriffs
  18 flying skulls
  An ice dragon skeleton (Crypt:3)
  16 wraiths
  4 shadows
  An ettin skeleton (Tomb:1)
  A tarantella (Vaults:3)
  A stone giant simulacrum (Vaults:1)
  2 air elementals
  A dire elephant simulacrum (Hell)
  5 large abominations (Abyss:1)
  16 spriggans
  6 wyverns
  A ynoxinul (Abyss:1)
  An ushabti (Tomb:2)
  A human (shapeshifter) (D:13)
  5 basilisks
  3 steam dragons
  53 yaks
  A yaktaur simulacrum (Vaults:2)
  6 fire elementals
  8 vampire mosquitoes
  A hungry ghost (D:10)
  A spatial vortex (Abyss:1)
  A neqoxec (Abyss:1)
  7 small abominations (Abyss:1)
  A soldier ant (D:12)
  A naga (shapeshifter) (Vaults:5)
  4 nagas (Lair:4)
  4 wargs
  15 swamp worms
  11 water moccasins
  6 insubstantial wisps
  An acid dragon (D:12)
  11 hell hounds
  44 orc warriors
  6 porcupines
  6 black bears
  13 swamp drakes
  15 ice beasts
  8 sky beasts
  A dream sheep zombie (Crypt:2)
  A manticore zombie (Crypt:3)
  2 phantoms
  6 boggarts
  38 ogres
  A tengu (shapeshifter) (Elf:3)
  13 necrophages
  A swamp dragon zombie (Crypt:3)
  18 centaurs
  26 wolves
  10 crocodiles
  21 bullfrogs
  8 gnoll sergeants (Bailey)
  4 big kobolds
  A scorpion (D:4)
  2 water moccasin skeletons
  2 elf simulacra
  22 wights
  3 electric eels (D:8)
  4 howler monkeys
  A bullfrog zombie (D:12)
  7 crimson imps
  3 quasits
  5 centaur zombies
  8 starcursed masses (Abyss:1)
  11 hounds
  5 jellies
  6 gnoll shamans (Bailey)
  25 orc priests
  2 bullfrog skeletons
  34 orc wizards
  4 iguanas
  Crazy Yiuf (D:6)
  5 worker ants
  A killer bee zombie (D:7)
  A tengu zombie (Crypt:2)
  A felid skeleton (Crypt:1)
  2 hound skeletons
  9 mummies (Tomb:1)
  A steam dragon zombie (Crypt:1)
  2 howler monkey skeletons
  18 gnolls
  17 adders
  4 shadow imps
  5 white imps
  3 oozes
  An adder zombie (D:7)
  An adder skeleton (D:5)
  3 worms (D:2)
  A barachi skeleton (Crypt:2)
  A dart slug (D:3)
  2 leopard geckos (D:4)
  104 orcs
  2 giant cockroaches
  11 goblins
  7 hobgoblins
  9 jackals
  18 kobolds
  9 quokkas
  8 bats
  3 frilled lizards
  3 quokka skeletons
  7 rats
  4 briar patches (Swamp:3)
  5 fungi
  2 plants (Lair:6)
1805 creatures vanquished.

Vanquished Creatures (collateral kills)
  A titan (Vaults:5)
  A sphinx (Vaults:5)
  2 storm dragons (Vaults:5)
  A deep elf sorcerer (Elf:1)
  2 vault wardens
  An ironheart preserver (Vaults:5)
  2 very ugly things
  2 ettins
  2 yaktaur captains (Vaults:5)
  A deep elf high priest (Elf:3)
  5 vault guards (Vaults:5)
  2 ice dragons
  A centaur warrior (Vaults:4)
  4 deep elf knights
  3 dancing weapons (Elf:1)
  An alligator (shapeshifter) (Elf:1)
  2 deep troll earth magi
  4 deep trolls
  2 ironbrand convokers (Vaults:5)
  An orc knight (Vaults:4)
  4 deep elf archers
  A necromancer (Depths:1)
  5 ugly things
  8 deep elf magi
  5 yaktaurs
  A freezing wraith (Vaults:5)
  An ice dragon zombie (Depths:1)
  A fire giant simulacrum (Depths:1)
  An acid dragon (shapeshifter) (Vaults:5)
  3 boggarts (Depths:1)
  4 centaurs
  An earth elemental (Elf:3)
75 creatures vanquished.

Vanquished Creatures (others)
  A lich (Vaults:4)
  A titan (Vaults:5)
  A deep elf master archer (Elf:3)
  A deep elf blademaster (Elf:3)
  2 tengu reavers
  2 shadow dragons (Vaults:5)
  A fire giant (Vaults:5)
  A deep elf sorcerer (Elf:3)
  3 vault wardens
  3 ironheart preservers
  2 deep elf elementalists (Elf:3)
  2 very ugly things (Vaults:5)
  3 war gargoyles (Vaults:5)
  8 stone giants
  2 deep elf demonologists (Elf:3)
  Nessos (Lair:6)
  11 deep elf annihilators
  3 deep elf death magi (Elf:3)
  A deep elf high priest (Elf:3)
  2 yaktaur captains
  A great orb of eyes (Depths:2)
  2 ogre magi
  16 vault guards
  4 centaur warriors
  2 two-headed ogres
  19 dancing weapons
  2 tengu warriors
  2 deep troll shamans
  5 deep elf knights
  3 deep trolls (Depths:1)
  8 deep elf archers
  4 orc knights (Vaults:4)
  A harpy (shapeshifter) (Vaults:5)
  3 phantasmal warriors (Vaults:5)
  19 deep elf magi
  4 ironbrand convokers
  A necromancer (Crypt:2)
  A cyclops (D:11)
  A manticore (D:15)
  An ugly thing (Depths:1)
  5 vault sentinels
  28 yaktaurs
  A freezing wraith (Vaults:5)
  A water elemental (Elf:3)
  A fire elemental (Elf:3)
  A warg (Vaults:2)
  5 orc warriors
  A necrophage (Crypt:2)
  3 ogres (Vaults:4)
  A wolf (IceCv)
  2 humans
  3 centaurs
  A spiny frog simulacrum (Crypt:2)
  An orc wizard (Vaults:4)
  A white imp (Hell)
  2 orcs
  A quokka (D:15)
  A kobold (D:13)
  An orc skeleton (Crypt:2)
  4 fungi
  A plant (D:8)
  4 toadstools (Swamp:3)
219 creatures vanquished.

Grand Total: 2099 creatures vanquished

Notes
Turn   | Place    | Note
-------+----------+-------------------------------------------
     0 | D:1      | WhitewaterBastard the Minotaur Fighter began the quest for
                  | the Orb.
     0 | D:1      | Reached XP level 1. HP: 19/19 MP: 0/0
   379 | D:1      | Reached XP level 2. HP: 27/27 MP: 1/1
   690 | D:2      | Reached skill level 1 in Dodging
   690 | D:2      | Reached XP level 3. HP: 14/33 MP: 2/2
   956 | D:2      | Reached skill level 4 in Shields
  1103 | D:2      | Reached XP level 4. HP: 34/40 MP: 3/3
  1164 | D:2      | Noticed a centaur
  1176 | D:2      | Killed a centaur
  1176 | D:2      | Reached XP level 5. HP: 24/46 MP: 4/4
  2059 | D:3      | Found a hazy altar of Hepliaklqana.
  2059 | D:3      | Noticed an orc warrior
  2061 | D:3      | Found a transporter.
  2061 | D:3      | Noticed a necrophage
  2076 | D:3      | Found a transporter.
  2218 | D:3      | Found an opulent altar of Gozag.
  2218 | D:3      | Found a sparkling altar of Nemelex Xobeh.
  2255 | D:3      | Became a worshipper of Gozag Ym Sagoz the Greedy
  2383 | D:3      | Noticed Grinder
  2402 | D:3      | Killed Grinder
  2402 | D:3      | Reached skill level 5 in Armour
  2402 | D:3      | Reached skill level 5 in Shields
  2402 | D:3      | Reached XP level 6. HP: 16/53 MP: 5/5
  2819 | D:4      | Reached XP level 7. HP: 38/60 MP: 6/6
  3283 | D:4      | Reached skill level 5 in Short Blades
  3443 | D:5      | Entered Level 5 of the Dungeon
  3499 | D:5      | Found a snail-covered altar of Cheibriados.
  3544 | D:5      | Found a glowing golden altar of the Shining One.
  3571 | D:5      | Got a coiled bronze amulet
  3680 | D:5      | Reached skill level 5 in Fighting
  3683 | D:5      | Found a staircase to the Ecumenical Temple.
  3712 | D:5      | Reached skill level 6 in Shields
  3755 | D:5      | Identified the amulet of Suh Ozudd {Reflect rElec Str+2
                  | Int+4 SH+5 Stlth-} (You found it on level 5 of the Dungeon)
  3775 | D:5      | Reached XP level 8. HP: 64/68 MP: 7/7
  3783 | D:5      | You fall through a shaft!
  3813 | D:5      | Found Voum's Antique Weapon Emporium.
  3931 | D:5      | Found a shattered altar of Ashenzari.
  4311 | D:6      | Found an ancient bone altar of Kikubaaqudgha.
  4355 | D:6      | Found a radiant altar of Vehumet.
  4464 | D:6      | Reached skill level 5 in Dodging
  4469 | D:6      | Gained mutation: You do not regenerate when monsters are
                  | visible. [potion of mutation]
  4469 | D:6      | Gained mutation: Your spells are a little easier to cast,
                  | but a little less powerful. [potion of mutation]
  4469 | D:6      | Gained mutation: You are agile. (Dex +2) [potion of
                  | mutation]
  4510 | D:6      | Found a runed translucent door.
  4511 | D:6      | Noticed Crazy Yiuf
  4516 | D:6      | Killed Crazy Yiuf
  4516 | D:6      | Reached skill level 7 in Shields
  4721 | D:7      | Reached skill level 1 in Evocations
  4874 | D:7      | Identified Eheeph's Handbook of Shape Shifting
  4987 | D:7      | Reached XP level 9. HP: 51/74 MP: 9/9
  5228 | D:7      | Found a glowing silver altar of Zin.
  5364 | D:8      | Reached skill level 8 in Shields
  5463 | D:8      | Found a basalt altar of Yredelemnul.
  5464 | D:8      | Found a sacrificial altar of Ru.
  5726 | D:8      | Reached skill level 9 in Shields
  5837 | D:8      | Got a coiled silver amulet
  5853 | D:8      | Identified the amulet "Itsaywn" {Inacc rF+ Dex+2} (You
                  | found it on level 8 of the Dungeon)
  6137 | D:8      | Noticed Maurice
  6146 | D:8      | Killed Maurice
  6146 | D:8      | Reached XP level 10. HP: 84/84 MP: 11/11
  6185 | D:8      | Lost mutation: Your spells are a little easier to cast, but
                  | a little less powerful. [potion of mutation]
  6185 | D:8      | Lost mutation: You are agile. (Dex +2) [potion of mutation]
  6185 | D:8      | Gained mutation: You are dopey. (Int -2) [potion of
                  | mutation]
  6185 | D:8      | Gained mutation: You expend magic power (3 MP) to
                  | strengthen your wands. [potion of mutation]
  6197 | D:8      | Found a large runed translucent door.
  6197 | D:8      | Found a large runed translucent door.
  6199 | D:8      | Noticed buriedalive's ghost (novice DEIE)
  6241 | D:8      | Killed buriedalive's ghost
  6248 | D:8      | Identified a scroll of acquirement
  6249 | D:8      | Found the +8 arc blade {discharge, rElec}
  7414 | D:10     | Entered Level 10 of the Dungeon
  7483 | D:10     | Killed an unseen horror
  7683 | D:10     | Reached skill level 10 in Shields
  7715 | D:10     | Noticed a cyclops
  7723 | D:10     | Killed a cyclops
  7845 | D:10     | Found a runed translucent door.
  7850 | D:10     | Noticed a tengu warrior
  7855 | D:10     | Noticed a green ugly thing
  7864 | D:10     | Reached XP level 11. HP: 91/92 MP: 13/13
  7878 | D:10     | Killed a tengu warrior
  7878 | D:10     | Reached skill level 5 in Evocations
  7880 | D:10     | Killed a green ugly thing
  7880 | D:10     | Reached skill level 10 in Short Blades
  8394 | D:11     | Noticed a six-headed hydra
  8405 | D:11     | Killed a six-headed hydra
  8405 | D:11     | Reached skill level 11 in Shields
  8538 | D:11     | Noticed Psyche
  8541 | D:11     | Found a flagged portal.
  8543 | D:11     | Found a staircase to the Lair.
  8549 | D:11     | Killed Psyche
  8610 | D:11     | Killed an unseen horror
  8646 | Bailey   | Entered a bailey
  9321 | D:11     | Reached XP level 12. HP: 101/101 MP: 15/15
  9485 | D:11     | Found a runed translucent door.
  9485 | D:11     | Noticed an ettin
  9485 | D:11     | Noticed a storm dragon
  9485 | D:11     | Noticed an ettin
  9494 | D:11     | Noticed a fire giant
  9494 | D:11     | Noticed a stone giant
  9494 | D:11     | Noticed a catoblepas
  9494 | D:11     | Noticed a sphinx
  9494 | D:11     | Noticed a deep troll earth mage
 10018 | D:12     | Found Ykoa's Antique Weapon Emporium.
 10133 | D:12     | Found Wyut's Magic Scroll Shoppe.
 10141 | D:12     | Bought a scroll of magic mapping for 42 gold pieces
 10141 | D:12     | Bought a scroll of teleportation for 36 gold pieces
 10141 | D:12     | Bought a scroll of identify for 24 gold pieces
 10154 | D:12     | Found a roughly hewn altar of Beogh.
 10156 | D:12     | Found a staircase to the Orcish Mines.
 10169 | D:12     | Reached skill level 12 in Shields
 10277 | D:12     | Noticed a two-headed ogre
 10286 | D:12     | Killed a two-headed ogre
 10312 | D:12     | Found Axig Zaid's Assorted Antiques.
 10318 | D:12     | Bought 2 potions of might for 240 gold pieces
 10532 | D:12     | Found Viteattoxo's Weapon Boutique.
 10584 | D:12     | Noticed Azrael
 10606 | D:12     | Killed Azrael
 10725 | D:12     | Found Musowory's Antique Armour Emporium.
 10729 | D:12     | Bought a pair of embroidered gloves for 307 gold pieces
 10970 | Orc:1    | Entered Level 1 of the Orcish Mines
 11362 | Orc:1    | Reached skill level 10 in Armour
 11362 | Orc:1    | Reached skill level 10 in Dodging
 11561 | Orc:2    | Entered Level 2 of the Orcish Mines
 11585 | Orc:2    | Reached skill level 13 in Shields
 11692 | Orc:2    | Found Fosatuh's Food Shop.
 11694 | Orc:2    | Noticed an ogre mage
 11731 | Orc:2    | Killed an ogre mage
 11731 | Orc:2    | Reached XP level 13. HP: 63/110 MP: 17/17
 11933 | Orc:2    | Bought a ration for 60 gold pieces
 11933 | Orc:2    | Bought a ration for 60 gold pieces
 11933 | Orc:2    | Bought a ration for 60 gold pieces
 11933 | Orc:2    | Bought a ration for 60 gold pieces
 11933 | Orc:2    | Bought a ration for 60 gold pieces
 11933 | Orc:2    | Bought a ration for 60 gold pieces
 11933 | Orc:2    | Bought a ration for 60 gold pieces
 11959 | Orc:2    | Found a staircase to the Elven Halls.
 12213 | Orc:2    | Noticed an orc warlord
 12350 | Lair:1   | Entered Level 1 of the Lair of Beasts
 13245 | Lair:2   | Noticed Gastronok
 13258 | Lair:2   | Killed Gastronok
 13314 | Lair:2   | Reached skill level 14 in Shields
 13664 | Lair:2   | Found a staircase to the Swamp.
 13682 | Swamp:1  | Entered Level 1 of the Swamp
 13945 | Swamp:1  | Reached skill level 10 in Fighting
 14124 | Swamp:1  | Noticed a thorn hunter
 14137 | Swamp:1  | Killed a thorn hunter
 14511 | Swamp:1  | Reached XP level 14. HP: 122/122 MP: 19/19
 14602 | Swamp:1  | Reached skill level 15 in Shields
 16857 | Swamp:3  | Noticed a thorn hunter
 16870 | Swamp:3  | Killed a thorn hunter
 17135 | Swamp:3  | Reached skill level 16 in Shields
 17473 | Swamp:3  | Paralysed by an orc sorcerer for 6 turns
 17872 | Swamp:4  | Entered Level 4 of the Swamp
 18112 | Swamp:4  | Reached XP level 15. HP: 93/132 MP: 21/21
 18366 | Swamp:4  | Reached skill level 10 in Evocations
 18592 | Swamp:4  | Reached skill level 17 in Shields
 18824 | Swamp:4  | Noticed Louise
 18852 | Swamp:4  | Killed Louise
 19229 | Swamp:4  | Got a decaying rune of Zot
 19710 | Lair:2   | Noticed Harold
 19722 | Lair:2   | Killed Harold
 20282 | Lair:3   | Noticed Urug
 20297 | Lair:3   | Killed Urug
 21186 | Lair:3   | Bought a wand of iceblast (13) for 187 gold pieces
 21186 | Lair:3   | Bought a wand of clouds (6) for 330 gold pieces
 21450 | Lair:4   | Found a staircase to the Snake Pit.
 21577 | Lair:4   | Got a bloodstained falchion
 21578 | Lair:4   | Identified the +5 falchion of the Head {venom, rPois Int+5
                  | Dex-2} (You found it on level 4 of the Lair of Beasts)
 21896 | Lair:5   | Noticed Rupert
 21905 | Lair:5   | Killed Rupert
 22804 | Lair:6   | Entered Level 6 of the Lair of Beasts
 22804 | Lair:6   | Found a frozen archway.
 22871 | IceCv    | Entered an ice cave
 22877 | IceCv    | Reached skill level 18 in Shields
 22993 | IceCv    | Lost mutation: You do not regenerate when monsters are
                  | visible. [potion of mutation]
 22993 | IceCv    | Lost mutation: You are dopey. (Int -2) [potion of mutation]
 22993 | IceCv    | Lost mutation: You expend magic power (3 MP) to strengthen
                  | your wands. [potion of mutation]
 22993 | IceCv    | Gained mutation: You are dopey. (Int -2) [potion of
                  | mutation]
 22993 | IceCv    | Gained mutation: You do not regenerate when monsters are
                  | visible. [potion of mutation]
 22993 | IceCv    | Gained mutation: You have sharp toenails. [potion of
                  | mutation]
 22993 | IceCv    | Gained mutation: You have a beak for a mouth. [potion of
                  | mutation]
 22994 | IceCv    | Lost mutation: You do not regenerate when monsters are
                  | visible. [potion of mutation]
 22994 | IceCv    | Lost mutation: You have sharp toenails. [potion of
                  | mutation]
 22994 | IceCv    | Lost mutation: You are dopey. (Int -2) [potion of mutation]
 22994 | IceCv    | Gained mutation: Your flesh is cold resistant. (rC+)
                  | [potion of mutation]
 22994 | IceCv    | Gained mutation: You are robust. (+10% HP) [potion of
                  | mutation]
 22994 | IceCv    | Gained mutation: Your flesh is very cold resistant. (rC++)
                  | [potion of mutation]
 23127 | IceCv    | Reached XP level 16. HP: 132/155 MP: 22/22
 23887 | Lair:6   | Noticed Nessos
 23891 | Lair:6   | Killed Nessos
 23972 | Lair:6   | Noticed Sonja
 23983 | Lair:6   | Killed Sonja
 24034 | Lair:6   | Found a staircase to the Slime Pits.
 25221 | Elf:1    | Entered Level 1 of the Elven Halls
 25239 | Elf:1    | Found a radiant altar of Vehumet.
 25417 | Elf:1    | Reached skill level 19 in Shields
 25610 | Elf:1    | Identified the Volume of Confrontation
 26147 | Elf:2    | Got a shimmering turquoise ring
 26148 | Elf:2    | Identified the ring "Vepn" {Dex+3 SInv} (You found it on
                  | level 2 of the Elven Halls)
 26518 | Elf:2    | Found a runed translucent gate.
 26518 | Elf:2    | Found a runed translucent gate.
 26522 | Elf:2    | Found a runed translucent gate.
 26637 | Elf:3    | Entered Level 3 of the Elven Halls
 27164 | Elf:3    | Reached XP level 17. HP: 167/167 MP: 24/24
 27178 | Elf:3    | Noticed a deep elf master archer
 27178 | Elf:3    | Noticed a deep elf blademaster
 27188 | Elf:3    | Noticed a deep elf blademaster
 27194 | Elf:3    | Killed a deep elf master archer
 27200 | Elf:3    | Reached skill level 20 in Shields
 27207 | Elf:3    | Noticed a Brimstone Fiend
 27209 | Elf:3    | Noticed a Brimstone Fiend
 27222 | Elf:3    | Killed a deep elf blademaster
 27268 | Elf:3    | Killed a deep elf blademaster
 27279 | Elf:3    | Gained mutation: You are weak. (Str -2) [a cacodemon]
 27834 | Elf:3    | Identified the amulet "Jumaceob" {RegenMP MR+ Str+6}
 27911 | Elf:3    | Identified the Volume of Companions and Venom
 28385 | Elf:3    | Found Zisi's Book Shoppe.
 29613 | D:13     | Found the +5 scythe "Finisher" {speed, eviscerate}
 29816 | D:13     | Found Kemasas's General Store.
 29825 | D:13     | Bought a wand of acid (6) for 260 gold pieces
 29825 | D:13     | Bought a scroll of holy word for 97 gold pieces
 30324 | D:14     | Reached skill level 15 in Fighting
 31143 | D:14     | Found a gate to the Vaults.
 31156 | D:14     | Reached skill level 21 in Shields
 31466 | D:15     | Entered Level 15 of the Dungeon
 31551 | D:15     | Found a white marble altar of Elyvilon.
 31879 | D:15     | Reached XP level 18. HP: 175/179 MP: 26/26
 32143 | D:15     | Reached skill level 15 in Short Blades
 32188 | D:15     | Paralysed by a sphinx for 2 turns
 32352 | D:15     | Found a staircase to the Depths.
 32385 | Depths:1 | Entered Level 1 of the Depths
 32642 | Depths:1 | Found Muozisa's Magic Scroll Shoppe.
 32872 | Depths:1 | Found a one-way gate leading to the halls of Pandemonium.
 32928 | Depths:1 | Found a corrupted altar of Lugonu.
 32928 | Depths:1 | Found a one-way gate to the infinite horrors of the Abyss.
 32974 | Depths:1 | Got a warped iron ring
 32981 | Depths:1 | Identified the ring of Qucar {MR+ Dex+4} (You found it on
                  | level 1 of the Depths)
 33133 | Depths:1 | Found a gateway to Hell.
 34290 | Vaults:1 | Entered Level 1 of the Vaults
 34988 | Vaults:1 | Reached skill level 22 in Shields
 35168 | Vaults:1 | Found Vioxtef's Gadget Shop.
 35684 | Vaults:1 | Reached XP level 19. HP: 173/191 MP: 27/27
 36073 | Vaults:2 | Reached skill level 1 in Throwing
 36239 | Vaults:2 | Found a staircase to the Crypt.
 36663 | Vaults:2 | Found Etocsaph's Distillery.
 36666 | Vaults:2 | Bought a potion of mutation for 112 gold pieces
 36666 | Vaults:2 | Lost mutation: You are weak. (Str -2) [potion of mutation]
 36666 | Vaults:2 | Lost mutation: Your flesh is very cold resistant. (rC++)
                  | [potion of mutation]
 36666 | Vaults:2 | Lost mutation: You are robust. (+10% HP) [potion of
                  | mutation]
 36666 | Vaults:2 | Gained mutation: You can translocate small distances at
                  | will. [potion of mutation]
 36837 | Vaults:2 | Found Cimo's Armour Shoppe.
 37673 | Vaults:3 | Reached skill level 5 in Throwing
 38015 | Vaults:3 | Reached skill level 23 in Shields
 38398 | Vaults:3 | Found Saomixom's Weapon Shop.
 38451 | Vaults:3 | Reached XP level 20. HP: 184/184 MP: 29/29
 40980 | Vaults:5 | Entered Level 5 of the Vaults
 41034 | Vaults:5 | Identified the +5 trident "Concordance" {freeze, *Corrode
                  | Int+5 Stlth+}
 41102 | Vaults:5 | Reached skill level 15 in Armour
 41168 | Vaults:5 | Noticed a golden dragon
 41178 | Vaults:5 | Killed a golden dragon
 41492 | Vaults:5 | Noticed a golden dragon
 41561 | Vaults:5 | Reached skill level 24 in Shields
 41601 | Vaults:5 | Reached XP level 21. HP: 155/194 MP: 30/30
 41725 | Vaults:5 | Identified the +7 quarterstaff of Unupt {vamp, rPois}
 42272 | Vaults:5 | Killed a golden dragon
 42832 | Vaults:5 | Got a silver rune of Zot
 43398 | Vaults:5 | Got a smoking steel ring
 43399 | Vaults:5 | Identified the ring "Isiunon" {rN+ Str+3} (You found it on
                  | level 5 of the Vaults)
 43559 | Crypt:1  | Entered Level 1 of the Crypt
 43676 | Crypt:1  | Reached skill level 10 in Throwing
 43910 | Crypt:1  | Learned a level 5 spell: Dispel Undead
 44298 | Crypt:1  | Reached skill level 1 in Spellcasting
 44431 | Crypt:2  | Reached skill level 1 in Necromancy
 44717 | Crypt:2  | Noticed Sojobo
 45123 | Crypt:2  | Killed Sojobo
 45400 | Crypt:2  | Reached skill level 5 in Spellcasting
 45664 | Crypt:2  | Found a runed translucent gate.
 45664 | Crypt:2  | Found a runed translucent gate.
 45664 | Crypt:2  | Found a runed translucent gate.
 46022 | Crypt:3  | Entered Level 3 of the Crypt
 46143 | Crypt:3  | Reached XP level 22. HP: 203/204 MP: 31/31
 46278 | Crypt:3  | Reached skill level 5 in Necromancy
 46375 | Crypt:3  | Found a staircase to the Tomb.
 46402 | Crypt:3  | Got a pair of spiked boots
 46408 | Crypt:3  | Identified the cursed +0 pair of boots of Gluttony {Str+2
                  | Int+6 Dex-4} (You found it on level 3 of the Crypt)
 47156 | Crypt:3  | Found an ancient bone altar of Kikubaaqudgha.
 47156 | Crypt:3  | Noticed an ancient lich
 47172 | Crypt:3  | Killed an ancient lich
 47321 | Crypt:3  | Identified the Almanac of Venomous Transmutation
 47424 | Crypt:3  | Got a smoking marble ring
 47424 | Crypt:3  | Got a wavering amethyst amulet
 47427 | Crypt:3  | Identified the ring "Niem" {rN+ Int+3} (You found it on
                  | level 3 of the Crypt)
 47428 | Crypt:3  | Identified the amulet "Xeoqom" {rPois Regen+ SInv} (You
                  | found it on level 3 of the Crypt)
 47429 | Crypt:3  | Identified the ring "Kaupav" {rF+ rN+ Stlth+} (You found it
                  | on level 3 of the Crypt)
 47501 | Tomb:1   | Entered Level 1 of the Tomb of the Ancients
 47546 | Tomb:1   | Noticed Frederick
 47561 | Tomb:1   | Killed Frederick
 47676 | Tomb:1   | Noticed Mennas
 47764 | Tomb:1   | Killed Mennas
 47831 | Tomb:1   | Paralysed by a sphinx for 7 turns
 48697 | Depths:1 | Voluntarily entered the Abyss.
 48825 | Abyss:1  | Gained mutation: You occasionally shout uncontrollably at
                  | your foes. [a neqoxec]
 48985 | Abyss:1  | Paralysed by accursed screaming for 2 turns
 49010 | Abyss:1  | Found a corrupted altar of Lugonu.
 49156 | Depths:1 | Escaped the Abyss
 49548 | Hell     | Entered the Vestibule of Hell
 49548 | Hell     | Noticed Geryon
 49604 | Hell     | Killed Geryon
 49703 | Hell     | Reached skill level 10 in Spellcasting
 49713 | Hell     | Found a gateway to the decaying netherworld of Tartarus.
 50054 | Hell     | Reached XP level 23. HP: 141/211 MP: 36/36
 50063 | Hell     | Found a gateway to the Iron City of Dis.
 50211 | Dis:1    | Entered Level 1 of the Iron City of Dis
 51661 | Tomb:1   | Lost mutation: You occasionally shout uncontrollably at
                  | your foes. [potion of mutation]
 51661 | Tomb:1   | Lost mutation: Your flesh is cold resistant. (rC+) [potion
                  | of mutation]
 51661 | Tomb:1   | Lost mutation: You can translocate small distances at will.
                  | [potion of mutation]
 51661 | Tomb:1   | Gained mutation: You are partially covered in rugged brown
                  | scales. (AC +1, +3% HP) [potion of mutation]
 51661 | Tomb:1   | Gained mutation: You occasionally shout uncontrollably at
                  | your foes. [potion of mutation]
 51661 | Tomb:1   | Gained mutation: Your mind is acute. (Int +2) [potion of
                  | mutation]
 51662 | Tomb:1   | Lost mutation: Your mind is acute. (Int +2) [potion of
                  | mutation]
 51662 | Tomb:1   | Lost mutation: You occasionally shout uncontrollably at
                  | your foes. [potion of mutation]
 51662 | Tomb:1   | Lost mutation: You are partially covered in rugged brown
                  | scales. (AC +1, +3% HP) [potion of mutation]
 51662 | Tomb:1   | Lost mutation: You have a beak for a mouth. [potion of
                  | mutation]
 51662 | Tomb:1   | Gained mutation: Your natural rate of healing is unusually
                  | fast. [potion of mutation]
 51662 | Tomb:1   | Gained mutation: Your mind is acute. (Int +2) [potion of
                  | mutation]
 51898 | Tomb:1   | Noticed a greater mummy
 51916 | Tomb:1   | Killed a greater mummy
 51916 | Tomb:1   | Reached skill level 10 in Necromancy
 52174 | Tomb:1   | Noticed Mara
 52216 | Tomb:1   | Killed Mara
 52315 | Tomb:1   | Noticed a greater mummy
 53026 | Tomb:1   | Noticed a greater mummy
 53041 | Tomb:1   | Killed a greater mummy
 53091 | Tomb:1   | Killed a greater mummy
 53582 | Tomb:2   | Noticed a greater mummy
 53585 | Tomb:2   | Noticed a greater mummy
 53588 | Tomb:2   | Noticed a greater mummy
 53590 | Tomb:2   | Noticed a greater mummy
 53590 | Tomb:2   | Noticed a greater mummy
 53592 | Tomb:2   | HP: 4/195 [death scarab (10)]
 53592 | Tomb:2   | HP: 1/195 [death scarab (3)]
 53592 | Tomb:2   | Mangled by a guardian mummy

Skill      XL: |  1  2  3  4  5  6  7  8  9 10 11 12 13 14 15 16 17 18 19 20 21 22 23 |
---------------+----------------------------------------------------------------------+-----
Dodging        | 1 2 3 4 5 6 7 9 10 11 12 13 | 13.8
Shields        | 4 5 6 7 9 10 11 13 14 16 18 19 21 22 23 24 | 24.4
Short Blades   | 3 4 5 7 8 9 10 11 13 14 15 16 | 16.2
Fighting       | 4 5 6 7 8 10 11 12 14 15 16 17 18 | 18.6
Armour         | 4 5 6 7 8 9 10 11 12 13 14 15 | 15.3
Evocations     | 1 3 4 6 7 8 9 10 11 12 13 14 | 14.2
Throwing       | 6 9 10 | 10.2
Spellcasting   | 6 10 11 | 11.6
Necromancy     | 4 8 10 | 10.9
Stealth        | |  0.5

Action                   |  1- 3 |  4- 6 |  7- 9 | 10-12 | 13-15 | 16-18 | 19-21 | 22-24 || total
-------------------------+-------+-------+-------+-------+-------+-------+-------+-------++-------
Melee: Rapier            |    75 |    96 |   404 |   483 |   964 |  1100 |  1087 |   418 ||  4627
       Headbutt          |    11 |    11 |    98 |   111 |   235 |   426 |   576 |   435 ||  1903
       Peck              |       |       |       |       |     3 |   423 |   500 |   361 ||  1287
       Quick blade       |       |       |       |       |       |   510 |   390 |       ||   900
       Eudemon blade     |       |       |       |       |       |       |       |   776 ||   776
 Cast: Dispel Undead     |       |       |       |       |       |       |       |     3 ||     3
Invok: Potion Petition   |       |       |     2 |     4 |     8 |     2 |     3 |     9 ||    28
       Call Merchant     |       |       |       |       |     1 |       |       |     3 ||     4
       Bribe Branch      |       |       |       |       |       |     2 |     1 |       ||     3
 Abil: Blink             |       |       |       |       |       |       |       |     1 ||     1
Evoke: Wand              |       |       |       |       |    13 |     5 |     2 |     2 ||    22
       Box of beasts     |       |       |       |       |       |     1 |       |       ||     1
  Use: Scroll            |     2 |     6 |     9 |    14 |    15 |    30 |    16 |    21 ||   113
       Potion            |     3 |     3 |     9 |     6 |     9 |     5 |    18 |    19 ||    72
 Stab: Distracted        |       |       |     1 |     5 |     3 |     9 |    12 |     5 ||    35
       Paralysed         |       |       |       |       |     4 |     2 |       |       ||     6
       Invisible         |       |       |       |       |       |       |     2 |       ||     2
  Eat: Ration            |       |     2 |     4 |     6 |    11 |    12 |     9 |     7 ||    51
Armor: Scale mail        |    37 |    30 |    49 |       |       |       |       |       ||   116
       Plate armour      |       |       |    61 |   104 |       |       |       |       ||   165
       Crystal plate arm |       |       |       |    71 |   400 |   275 |   207 |   313 ||  1266
Dodge: Dodged            |    24 |    26 |    85 |    85 |   140 |   144 |   189 |   261 ||   954
Block: Shield            |    40 |    42 |   264 |   280 |       |       |       |       ||   626
       Reflection        |       |       |     7 |    21 |    37 |   141 |   140 |    34 ||   380
       Large shield      |       |       |       |   215 |  1155 |  1526 |  1521 |  1670 ||  6087
       Rpst.: Eudemon blade |       |       |       |       |       |       |       |    32 ||    32
